[Event "FIDE World Junior U20-ch Girls 2025"]
[Site "Petrovac"]
[Date "2025.02.25"]
[Round "1.43"]
[White "Tarasenka, Aliaksandra"]
[Black "Ajradinoska, Indzi"]
[Result "1-0"]
[Annotator "NA"]
[ECO "C13"]
[WhiteElo "2139"]
[BlackElo "1761"]
[PlyCount "45"]
[EventDate "2025.02.23"]
[EventType "swiss"]
[EventCountry "MNE"]
[SourceTitle "playchess.com"]
[Source "ChessBase"]
[SourceQuality "1"]
[TimeControl "40/5400+30:1800+30"]

1. e4 e6 2. d4 d5 3. Nc3 Nf6 4. Bg5 Be7 5. e5 Nfd7 6. h4 a6 7. Qg4 g6 8. Nf3 c5 9. dxc5 Nc6 10. Qf4 Nxc5 11. O-O-O Qc7 12. h5 Bxg5 13. Nxg5 d4 14. Rxd4 Nxd4 15. Qxd4 Qe7 16. f4 Bd7 17. b4 Na4 18. Nce4 Kf8 19. Nd6 Be8 20. Bc4 Rd8 21. hxg6 Bb5 22. Qd3 Rxd6 23. g7+ 1-0

[Event "FIDE World Junior U20-ch Girls 2025"]
[Site "Petrovac"]
[Date "2025.02.25"]
[Round "1.44"]
[White "Saraci, Rinesa"]
[Black "Valcu, Lavinia"]
[Result "0-1"]
[Annotator "NA"]
[ECO "B90"]
[WhiteElo "1751"]
[BlackElo "2137"]
[PlyCount "82"]
[EventDate "2025.02.23"]
[EventType "swiss"]
[EventCountry "MNE"]
[SourceTitle "playchess.com"]
[Source "ChessBase"]
[SourceQuality "1"]
[TimeControl "40/5400+30:1800+30"]

1. e4 c5 2. Nf3 d6 3. d4 cxd4 4. Nxd4 Nf6 5. Nc3 a6 6. Be3 e5 7. Nf3 Be7 8. Be2 O-O 9. O-O Nbd7 10. h3 b5 11. a3 Bb7 12. Nd2 Rc8 13. Kh1 Qc7 14. Rc1 Qb8 15. Bf3 Qa8 16. Qe2 h6 17. h4 Nc5 18. Bxc5 Rxc5 19. Nb3 Rxc3 20. bxc3 Nxe4 21. Bxe4 Bxe4 22. f3 Bd5 23. Qf2 Qd8 24. g3 f5 25. Rcd1 Qa8 26. Kh2 f4 27. Rd2 fxg3+ 28. Qxg3 Rf4 29. Rg2 Qf8 30. Nd2 Bd8 31. Qf2 Bxh4 32. Qa7 Bg5 33. Rxg5 hxg5 34. Kg2 g4 35. Qe3 gxf3+ 36. Kf2 Qf6 37. Rh1 Rh4 38. Rg1 Rh2+ 39. Kf1 f2 40. Rg3 Rh1+ 41. Ke2 f1=Q+ 0-1

[Event "FIDE World Junior U20-ch Girls 2025"]
[Site "Petrovac"]
[Date "2025.02.25"]
[Round "1.45"]
[White "Peglau, Dora"]
[Black "Sele, Timea"]
[Result "1-0"]
[Annotator "ChessBase"]
[ECO "D12"]
[WhiteElo "2134"]
[BlackElo "1678"]
[PlyCount "99"]
[EventDate "2025.02.23"]
[EventType "swiss"]
[EventCountry "MNE"]
[SourceTitle "playchess.com"]
[Source "ChessBase"]
[SourceQuality "1"]
[TimeControl "40/5400+30:1800+30"]

1. Nf3 d5 2. c4 c6 3. e3 Nf6 4. d4 Bf5 5. Nc3 e6 6. Be2 dxc4 7. Bxc4 Nbd7 8. O-O Be7 9. Re1 O-O 10. h3 Nb6 11. Bb3 h6 12. e4 Bh7 13. Bf4 Rc8 14. a4 a5 15. Qe2 Bb4 16. Bc2 Re8 17. Red1 Qe7 18. Na2 c5 19. Nxb4 cxb4 20. Bd3 Red8 21. Rac1 Bg6 22. Ne5 Bh7 23. f3 Nbd7 24. Nc4 b6 25. Nd6 Rxc1 26. Rxc1 e5 27. Nc8 Qe8 28. dxe5 Nxe5 29. Ba6 Kh8 30. Nxb6 Ned7 31. Bb5 Qe7 32. Nxd7 Nxd7 33. Rc7 Qf6 34. Be3 Ne5 35. Qc2 Qd6 36. Rc8 Rxc8 37. Qxc8+ Bg8 38. Be2 Kh7 39. Qc5 Qxc5 40. Bxc5 f6 41. Bb6 Nc4 42. Bxc4 Bxc4 43. Bxa5 Bb3 44. Bxb4 Bxa4 45. Kf2 Kg8 46. Ke3 Kf7 47. Kd4 Ke6 48. Bf8 Kf7 49. Bd6 Ke6 50. Kc5 1-0

[Event "FIDE World Junior U20-ch Girls 2025"]
[Site "Petrovac"]
[Date "2025.02.25"]
[Round "1.46"]
[White "Balent, Sara"]
[Black "Ter-Avetisjana, Agnesa Stepania"]
[Result "0-1"]
[Annotator "ChessBase"]
[ECO "D11"]
[WhiteElo "1653"]
[BlackElo "2133"]
[PlyCount "98"]
[EventDate "2025.02.23"]
[EventType "swiss"]
[EventCountry "MNE"]
[SourceTitle "playchess.com"]
[Source "ChessBase"]
[SourceQuality "1"]
[TimeControl "40/5400+30:1800+30"]

1. d4 d5 2. c4 c6 3. Nf3 Nf6 4. g3 g6 5. Bg2 Bg7 6. Nc3 O-O 7. O-O Ne4 8. Ne5 f6 9. Nf3 Nxc3 10. bxc3 dxc4 11. Nd2 Be6 12. e4 Qa5 13. Qc2 Nd7 14. a4 Nb6 15. Ba3 Qxa4 16. Qxa4 Nxa4 17. Bxe7 Nxc3 18. Bxf8 Bxf8 19. Kh1 a5 20. d5 cxd5 21. exd5 Nxd5 22. Nxc4 a4 23. Na3 Bc5 24. Rfd1 Nc3 25. Rd3 Bb4 26. Bxb7 Rb8 27. Bf3 Bb3 28. Nb1 Nxb1 29. Rxb3 axb3 30. Rxb1 Bc5 31. Bd5+ Kg7 32. Rxb3 Rd8 33. Rd3 Bxf2 34. Kg2 Bc5 35. Bc4 Rb8 36. Rd7+ Kh6 37. Rd2 Rb1 38. Bf1 f5 39. Rc2 Bb6 40. Rd2 Rc1 41. Rb2 Bc5 42. Ra2 g5 43. Ra6+ Kg7 44. Ra2 g4 45. Rb2 Kg6 46. Ra2 Kg5 47. Rb2 h5 48. Rd2 h4 49. gxh4+ Kxh4 0-1

[Event "FIDE World Junior U20-ch Girls 2025"]
[Site "Petrovac"]
[Date "2025.02.26"]
[Round "2.1"]
[White "Gaal, Zsoka"]
[Black "Kirtadze, Anastasia"]
[Result "1/2-1/2"]
[Annotator "ChessBase"]
[ECO "E46"]
[WhiteElo "2404"]
[BlackElo "2218"]
[PlyCount "97"]
[EventDate "2025.02.23"]
[EventType "swiss"]
[EventCountry "MNE"]
[SourceTitle "playchess.com"]
[Source "ChessBase"]
[SourceQuality "1"]
[TimeControl "40/5400+30:1800+30"]

1. d4 Nf6 2. c4 e6 3. Nc3 Bb4 4. e3 O-O 5. Nge2 b6 6. a3 Bxc3+ 7. Nxc3 d6 8. Bd3 e5 9. O-O Qe7 10. Qf3 c6 11. d5 c5 12. e4 Ne8 13. Qg3 Nd7 14. Nd1 Kh8 15. Bg5 f6 16. Bd2 g6 17. f4 exf4 18. Rxf4 Ne5 19. Be2 Ng7 20. Ne3 Bd7 21. Bc3 Rf7 22. Raf1 Raf8 23. h4 Bc8 24. b4 Ba6 25. Qh2 Bc8 26. g4 h5 27. gxh5 Nxh5 28. R4f2 Bd7 29. Rg2 Rg7 30. Rff2 Rfg8 31. Bxh5 gxh5 32. Qf4 Rxg2+ 33. Nxg2 Rg6 34. bxc5 bxc5 35. Kh1 Kg7 36. Bxe5 fxe5 37. Qf3 Bg4 38. Qe3 Qd7 39. Kh2 Bd1 40. Rf1 Bg4 41. Qf2 Qe7 42. Ne3 Kg8 43. Nf5 Qd8 44. Ne3 Qe7 45. Rb1 Rf6 46. Rb8+ Kh7 47. Nf5 Qf7 48. Qb2 Bxf5 49. exf5 1/2-1/2

[Event "FIDE World Junior U20-ch Girls 2025"]
[Site "Petrovac"]
[Date "2025.02.26"]
[Round "2.2"]
[White "Rakshitta Ravi"]
[Black "Yakimova, Mariya"]
[Result "1/2-1/2"]
[Annotator "ChessBase"]
[ECO "A13"]
[WhiteElo "2365"]
[BlackElo "2201"]
[PlyCount "92"]
[EventDate "2025.02.23"]
[EventType "swiss"]
[EventCountry "MNE"]
[SourceTitle "playchess.com"]
[Source "ChessBase"]
[SourceQuality "1"]
[TimeControl "40/5400+30:1800+30"]

1. Nf3 Nf6 2. b3 d5 3. Bb2 c5 4. e3 e6 5. c4 Nc6 6. cxd5 exd5 7. Be2 a6 8. O-O d4 9. d3 Bd6 10. Na3 dxe3 11. fxe3 O-O 12. Nc2 Ng4 13. Qd2 Qe7 14. Rae1 Be6 15. d4 Rad8 16. Bd3 Bb8 17. Qc3 f6 18. Bc4 Bxc4 19. Qxc4+ Kh8 20. Qxc5 Qe4 21. h3 Ne7 22. hxg4 Rc8 23. Qh5 Rxc2 24. Ba3 Rfc8 25. Bxe7 Qxe7 26. e4 Bg3 27. Re3 Bf4 28. Ree1 Bg3 29. Re3 Qc7 30. Nh4 Bxh4 31. Qxh4 Rxa2 32. Rh3 h6 33. g5 Qc2 34. Qg3 Rc3 35. Rf3 Rxf3 36. Qxf3 Qc1+ 37. Kh2 Qxg5 38. Rg3 Qh4+ 39. Rh3 Qg5 40. Rg3 Qh4+ 41. Rh3 Qf2 42. Qg4 Ra1 43. Rxh6+ gxh6 44. Qc8+ Kg7 45. Qd7+ Kg6 46. Qg4+ Kf7 1/2-1/2

[Event "FIDE World Junior U20-ch Girls 2025"]
[Site "Petrovac"]
[Date "2025.02.26"]
[Round "2.3"]
[White "Orian, Noga"]
[Black "Shukhman, Anna"]
[Result "0-1"]
[Annotator "ChessBase"]
[ECO "D90"]
[WhiteElo "2210"]
[BlackElo "2365"]
[PlyCount "72"]
[EventDate "2025.02.23"]
[EventType "swiss"]
[EventCountry "MNE"]
[SourceTitle "playchess.com"]
[Source "ChessBase"]
[SourceQuality "1"]
[TimeControl "40/5400+30:1800+30"]

1. d4 Nf6 2. c4 g6 3. Nc3 d5 4. Nf3 Bg7 5. h4 c6 6. cxd5 cxd5 7. Bf4 Nc6 8. e3 O-O 9. Qb3 Na5 10. Qa3 Bf5 11. Ne5 Ne4 12. Nxe4 Bxe4 13. f3 Bf5 14. b4 Nc6 15. Nxc6 bxc6 16. Rc1 Qb6 17. Qa5 Rfe8 18. Qc5 Bf8 19. Kf2 e5 20. Qxb6 axb6 21. Bxe5 Rxa2+ 22. Kg3 Bd7 23. b5 c5 24. h5 g5 25. h6 Re6 26. e4 cxd4 27. Rc7 Be8 28. f4 gxf4+ 29. Bxf4 Rg6+ 30. Kf3 Ra3+ 31. Kf2 dxe4 32. Bc4 Rc3 33. Ra1 Rc2+ 34. Ke1 Rgxg2 35. Ra8 e3 36. Bf1 Bb4+ 0-1

[Event "FIDE World Junior U20-ch Girls 2025"]
[Site "Petrovac"]
[Date "2025.02.26"]
[Round "2.4"]
[White "Khamdamova, Afruza"]
[Black "Karimova, Guldona"]
[Result "1/2-1/2"]
[Annotator "ChessBase"]
[ECO "B40"]
[WhiteElo "2354"]
[BlackElo "2200"]
[PlyCount "76"]
[EventDate "2025.02.23"]
[EventType "swiss"]
[EventCountry "MNE"]
[SourceTitle "playchess.com"]
[Source "ChessBase"]
[SourceQuality "1"]
[TimeControl "40/5400+30:1800+30"]

1. e4 c5 2. Nf3 Nc6 3. d4 cxd4 4. Nxd4 Nf6 5. Nc3 e6 6. Ndb5 Bb4 7. a3 Bxc3+ 8. Nxc3 d5 9. exd5 exd5 10. Bd3 O-O 11. O-O d4 12. Ne2 Bg4 13. f3 Bh5 14. Nf4 Bg6 15. Nxg6 hxg6 16. f4 Ne7 17. Bd2 Nf5 18. Qf3 Qb6 19. a4 Nd7 20. a5 Qd6 21. b4 Qc7 22. Rfc1 Nf6 23. c4 dxc3 24. Bxc3 Rac8 25. Bxf6 Qxc1+ 26. Rxc1 Rxc1+ 27. Kf2 gxf6 28. Qxb7 Rd8 29. Bxf5 gxf5 30. h3 Rc4 31. Kg3 Kg7 32. b5 Rd3+ 33. Kh2 Rb3 34. a6 Rxf4 35. Qxa7 Rxb5 36. Qc7 Ra4 37. Qg3+ Kh7 38. Qd6 Kg7 1/2-1/2

[Event "FIDE World Junior U20-ch Girls 2025"]
[Site "Petrovac"]
[Date "2025.02.26"]
[Round "2.5"]
[White "Tashkinova, Sofiia"]
[Black "Nurman, Alua"]
[Result "0-1"]
[Annotator "ChessBase"]
[ECO "B90"]
[WhiteElo "2197"]
[BlackElo "2336"]
[PlyCount "54"]
[EventDate "2025.02.23"]
[EventType "swiss"]
[EventCountry "MNE"]
[SourceTitle "playchess.com"]
[Source "ChessBase"]
[SourceQuality "1"]
[TimeControl "40/5400+30:1800+30"]

1. e4 c5 2. Nf3 d6 3. d4 cxd4 4. Nxd4 Nf6 5. Nc3 a6 6. Bc4 e6 7. a4 Be7 8. O-O O-O 9. Be3 Qc7 10. Qe2 Nc6 11. Nxc6 Qxc6 12. Bd3 Nd7 13. f4 Bf6 14. Bd2 Qc7 15. g4 Bd4+ 16. Kh1 b6 17. f5 Bb7 18. g5 Nc5 19. f6 g6 20. Rf4 d5 21. Rh4 Bxc3 22. Rxh7 Kxh7 23. e5 Nxd3 24. Qxd3 Rh8 25. bxc3 d4+ 26. Kg1 Qc6 27. Qh3+ Kg8 0-1

[Event "FIDE World Junior U20-ch Girls 2025"]
[Site "Petrovac"]
[Date "2025.02.26"]
[Round "2.6"]
[White "Kairbekova, Amina"]
[Black "Kanyamarala, Trisha"]
[Result "1-0"]
[Annotator "ChessBase"]
[ECO "B43"]
[WhiteElo "2336"]
[BlackElo "2178"]
[PlyCount "69"]
[EventDate "2025.02.23"]
[EventType "swiss"]
[EventCountry "MNE"]
[SourceTitle "playchess.com"]
[Source "ChessBase"]
[SourceQuality "1"]
[TimeControl "40/5400+30:1800+30"]

1. e4 c5 2. Nf3 e6 3. d4 cxd4 4. Nxd4 a6 5. Nc3 b5 6. Bd3 Bb7 7. O-O Nc6 8. Nxc6 Bxc6 9. Re1 Qb8 10. a4 bxa4 11. Qe2 Bb4 12. Qg4 g6 13. Bf4 d6 14. Reb1 Qb7 15. e5 h5 16. Qh3 d5 17. Nxa4 Bb5 18. c3 Be7 19. b4 g5 20. Bd2 g4 21. Qe3 Nh6 22. Nc5 Qc6 23. Bc2 Nf5 24. Bxf5 Bxc5 25. bxc5 exf5 26. e6 f6 27. Qf4 Ke7 28. Qxf5 Rag8 29. Bf4 Qxc5 30. c4 Qxc4 31. Rc1 Qd4 32. Rc7+ Ke8 33. Rac1 Bc4 34. e7 Kf7 35. e8=Q+ 1-0

[Event "FIDE World Junior U20-ch Girls 2025"]
[Site "Petrovac"]
[Date "2025.02.26"]
[Round "2.7"]
[White "Abdinova, Narmin"]
[Black "Savitha Shri B"]
[Result "0-1"]
[Annotator "ChessBase"]
[ECO "A62"]
[WhiteElo "2186"]
[BlackElo "2332"]
[PlyCount "124"]
[EventDate "2025.02.23"]
[EventType "swiss"]
[EventCountry "MNE"]
[SourceTitle "playchess.com"]
[Source "ChessBase"]
[SourceQuality "1"]
[TimeControl "40/5400+30:1800+30"]

1. d4 Nf6 2. c4 e6 3. g3 c5 4. d5 exd5 5. cxd5 d6 6. Nc3 g6 7. Bg2 Bg7 8. Nf3 O-O 9. O-O a6 10. a4 Re8 11. Bf4 h6 12. Qc1 g5 13. Bd2 Bf5 14. h4 g4 15. Nh2 Kh7 16. Re1 Nbd7 17. e4 Bg6 18. Bf4 Ne5 19. Qd1 Qd7 20. a5 Rad8 21. Na4 Qb5 22. Bxe5 Rxe5 23. Nxg4 Nxg4 24. Qxg4 Rde8 25. f4 Bf5 26. Qd1 Rxe4 27. Bxe4 Rxe4 28. Rxe4 Bxe4 29. Qd2 Qc4 30. Nc3 Bxc3 31. bxc3 Bxd5 32. Rd1 Be4 33. Re1 d5 34. g4 Qa4 35. Qb2 Qd7 36. Qe2 Qc7 37. Qd2 Qxa5 38. Kf2 Qd8 39. Kg3 Qa5 40. Qb2 b5 41. g5 h5 42. Re3 Qa4 43. Re1 Qc4 44. Qd2 a5 45. Kf2 Kg6 46. Qe3 a4 47. Qh3 Bd3 48. Qe3 Be4 49. Qh3 a3 50. Qc8 Qxc3 51. f5+ Kg7 52. f6+ Kg6 53. Qg8+ Kf5 54. Qc8+ Kf4 55. Qc7+ Qe5 56. Qxc5 a2 57. Qc1+ Kf5 58. Qc8+ Qe6 59. Qc5 Kg6 60. Qa7 Qf5+ 61. Kg1 Qg4+ 62. Kf2 Qf3+ 0-1

[Event "FIDE World Junior U20-ch Girls 2025"]
[Site "Petrovac"]
[Date "2025.02.26"]
[Round "2.8"]
[White "Velpula Sarayu"]
[Black "Smietanska, Wiktoria"]
[Result "1-0"]
[Annotator "RC"]
[ECO "C83"]
[WhiteElo "2315"]
[BlackElo "2170"]
[PlyCount "97"]
[EventDate "2025.02.23"]
[EventType "swiss"]
[EventCountry "MNE"]
[SourceTitle "playchess.com"]
[Source "ChessBase"]
[SourceQuality "1"]
[TimeControl "40/5400+30:1800+30"]

1. e4 e5 2. Nf3 Nc6 3. Bb5 a6 4. Ba4 Nf6 5. O-O Nxe4 6. d4 b5 7. Bb3 d5 8. dxe5 Be6 9. c3 Be7 10. Nbd2 O-O 11. Bc2 f5 12. Nb3 Qd7 13. Nbd4 Nxd4 14. Nxd4 c5 15. Nxe6 Qxe6 16. f3 Ng5 17. Bf4 Qc6 18. Bxg5 Bxg5 19. f4 Be7 20. Qf3 Rad8 21. Rfd1 c4 22. Kh1 Qe6 23. b4 Rd7 24. a4 Bd8 25. a5 Bc7 26. Rd2 Rfd8 27. Rad1 Bb8 28. h3 g6 29. g4 Ba7 30. gxf5 gxf5 31. Qh5 Rf8 32. Rg2+ Kh8 33. Rg5 Rdf7 34. Kh2 Qd7 35. Rg6 Be3 36. Rf1 Rg7 37. Rxg7 Kxg7 38. Qf3 Ba7 39. Rd1 Rd8 40. Qh5 Rf8 41. Qg5+ Kh8 42. Qh6 Qf7 43. e6 Qe7 44. Rxd5 Rd8 45. Rxf5 Rd2+ 46. Kg3 Bf2+ 47. Kg4 Qg7+ 48. Qxg7+ Kxg7 49. Rf7+ 1-0

[Event "FIDE World Junior U20-ch Girls 2025"]
[Site "Petrovac"]
[Date "2025.02.26"]
[Round "2.9"]
[White "Wang, Qinxuanyi"]
[Black "Toncheva, Nadya"]
[Result "0-1"]
[Annotator "ChessBase"]
[ECO "D20"]
[WhiteElo "2165"]
[BlackElo "2311"]
[PlyCount "98"]
[EventDate "2025.02.23"]
[EventType "swiss"]
[EventCountry "MNE"]
[SourceTitle "playchess.com"]
[Source "ChessBase"]
[SourceQuality "1"]
[TimeControl "40/5400+30:1800+30"]

1. d4 d5 2. c4 dxc4 3. e4 e5 4. Nf3 Bb4+ 5. Nc3 exd4 6. Nxd4 Nd7 7. Bxc4 Ngf6 8. f3 O-O 9. Be2 Ne5 10. O-O Qe7 11. Bg5 Bxc3 12. bxc3 Ng6 13. Nb3 Be6 14. Qc1 h6 15. Be3 b6 16. Re1 c5 17. Nd2 Qc7 18. Nf1 Rad8 19. Ng3 Rfe8 20. f4 Bc8 21. Bf3 Bb7 22. Bd2 Qd7 23. Re2 Qd3 24. Qb1 Nh4 25. Qxd3 Rxd3 26. Kf2 Red8 27. Nf1 Ba6 28. e5 Nxf3 29. gxf3 Nh5 30. Be3 Rxc3 31. Rd2 Re8 32. Ng3 Nxg3 33. hxg3 f6 34. Rd7 fxe5 35. f5 Bc8 36. Rxa7 Bxf5 37. g4 Rc2+ 38. Kg3 Be6 39. a4 Rc3 40. Re1 Rf8 41. Re7 Bd5 42. Rxe5 Rxf3+ 43. Kh4 Rc2 44. Bg1 g5+ 45. Kh5 Kg7 46. Re7+ Bf7+ 47. Rxf7+ Kxf7 48. Kxh6 Kf6 49. Kh7 Rd2 0-1

[Event "FIDE World Junior U20-ch Girls 2025"]
[Site "Petrovac"]
[Date "2025.02.26"]
[Round "2.10"]
[White "Zhurova, Anna"]
[Black "Yildiz, Elif Zeren"]
[Result "1-0"]
[Annotator "ChessBase"]
[ECO "B53"]
[WhiteElo "2307"]
[BlackElo "2160"]
[PlyCount "51"]
[EventDate "2025.02.23"]
[EventType "swiss"]
[EventCountry "MNE"]
[SourceTitle "playchess.com"]
[Source "ChessBase"]
[SourceQuality "1"]
[TimeControl "40/5400+30:1800+30"]

1. e4 c5 2. Nf3 d6 3. d4 cxd4 4. Qxd4 Nc6 5. Bb5 Bd7 6. Qd3 e5 7. Nc3 h6 8. Bc4 Na5 9. Bd5 Nf6 10. O-O a6 11. b4 Nc6 12. a3 Nxd5 13. Nxd5 Ne7 14. Ne3 Ng6 15. Nf5 Qc7 16. Rd1 Rc8 17. Be3 Be6 18. Rac1 Rd8 19. c4 f6 20. a4 Qf7 21. c5 d5 22. exd5 Rxd5 23. Qe4 Be7 24. Rxd5 Bxd5 25. Qg4 O-O 26. Qxg6 1-0

[Event "FIDE World Junior U20-ch Girls 2025"]
[Site "Petrovac"]
[Date "2025.02.26"]
[Round "2.11"]
[White "Cornileau, Juliette"]
[Black "Karmanova, Olga Dm."]
[Result "0-1"]
[Annotator "ChessBase"]
[ECO "B12"]
[WhiteElo "2144"]
[BlackElo "2292"]
[PlyCount "100"]
[EventDate "2025.02.23"]
[EventType "swiss"]
[EventCountry "MNE"]
[SourceTitle "playchess.com"]
[Source "ChessBase"]
[SourceQuality "1"]
[TimeControl "40/5400+30:1800+30"]

1. e4 c6 2. d4 d5 3. e5 Bf5 4. h4 h5 5. c4 e6 6. Nc3 Ne7 7. Nge2 Nd7 8. Ng3 Bg6 9. Bg5 Qb6 10. Rc1 Nf5 11. Nxf5 Bxf5 12. cxd5 exd5 13. Bd3 Be6 14. Be2 g6 15. Qd2 a5 16. O-O Bg7 17. f4 a4 18. Kh1 Bf5 19. Qe3 O-O 20. Bd3 a3 21. Bxf5 gxf5 22. bxa3 Rfe8 23. Qd3 f6 24. Qxf5 fxg5 25. Qxd7 Qxd4 26. Nb5 Qd3 27. Nd6 Rf8 28. Qe6+ Kh7 29. hxg5 Rxa3 30. f5 Ra4 31. Qg6+ Kg8 32. Qxh5 Qg3 33. Nc4 Rxa2 34. Ne3 Ra4 35. Nc4 Ra2 36. Ne3 Ra4 37. Nc4 Ra2 38. Rg1 Rxf5 39. Qe8+ Rf8 40. Qe6+ Kh8 41. Nd6 Ra4 42. Nc4 Rxc4 43. Rxc4 dxc4 44. Rd1 c3 45. Qg6 c2 46. Rc1 Qh4+ 47. Kg1 Qd4+ 48. Kh1 Qd1+ 49. Kh2 Qxc1 50. Qh5+ Kg8 0-1

[Event "FIDE World Junior U20-ch Girls 2025"]
[Site "Petrovac"]
[Date "2025.02.26"]
[Round "2.12"]
[White "Allahverdiyeva, Ayan"]
[Black "Tarasenka, Aliaksandra"]
[Result "1-0"]
[Annotator "ChessBase"]
[ECO "B40"]
[WhiteElo "2284"]
[BlackElo "2139"]
[PlyCount "39"]
[EventDate "2025.02.23"]
[EventType "swiss"]
[EventCountry "MNE"]
[SourceTitle "playchess.com"]
[Source "ChessBase"]
[SourceQuality "1"]
[TimeControl "40/5400+30:1800+30"]

1. e4 c5 2. Nf3 e6 3. d4 cxd4 4. Nxd4 Nf6 5. Nc3 Nc6 6. a3 Be7 7. Be3 O-O 8. Be2 d6 9. Qd3 Bd7 10. f4 Rc8 11. O-O-O Nxd4 12. Bxd4 Qa5 13. Qg3 Rfd8 14. Bf3 Bc6 15. Rhe1 b5 16. Nd5 Bxd5 17. exd5 b4 18. axb4 Qxb4 19. dxe6 fxe6 20. Rxe6 1-0

[Event "FIDE World Junior U20-ch Girls 2025"]
[Site "Petrovac"]
[Date "2025.02.26"]
[Round "2.13"]
[White "Valcu, Lavinia"]
[Black "Mungunzul, Bat-Erdene"]
[Result "0-1"]
[Annotator "ChessBase"]
[ECO "C85"]
[WhiteElo "2137"]
[BlackElo "2268"]
[PlyCount "80"]
[EventDate "2025.02.23"]
[EventType "swiss"]
[EventCountry "MNE"]
[SourceTitle "playchess.com"]
[Source "ChessBase"]
[SourceQuality "1"]
[TimeControl "40/5400+30:1800+30"]

1. e4 e5 2. Nf3 Nc6 3. Bb5 a6 4. Ba4 Nf6 5. O-O Be7 6. Bxc6 dxc6 7. Nc3 Bg4 8. h3 Bxf3 9. Qxf3 Qd7 10. d3 O-O-O 11. Nd1 Qe6 12. Ne3 g6 13. a4 h5 14. Bd2 Nd7 15. b4 Rdf8 16. b5 f5 17. bxa6 bxa6 18. exf5 gxf5 19. Rfb1 Rhg8 20. Bb4 Bxb4 21. Rxb4 f4 22. Nf1 Rf6 23. Rab1 Rfg6 24. Nd2 Qd5 25. Ne4 a5 26. R4b2 Rxg2+ 27. Qxg2 f3 28. Qxg8+ Qxg8+ 29. Kf1 Qg2+ 30. Ke1 Qxh3 31. Kd2 Qg2 32. Kc3 h4 33. Rd1 h3 34. Rbb1 h2 35. Rh1 Nb6 36. Kb3 Nd5 37. Kc4 Nf4 38. Kc3 Ne2+ 39. Kc4 Qg8+ 40. Kc5 Qd5# 0-1

[Event "FIDE World Junior U20-ch Girls 2025"]
[Site "Petrovac"]
[Date "2025.02.26"]
[Round "2.14"]
[White "Ter-Avetisjana, Agnesa Stepania"]
[Black "Balabayeva, Xeniya"]
[Result "0-1"]
[Annotator "RC"]
[ECO "B10"]
[WhiteElo "2133"]
[BlackElo "2264"]
[PlyCount "132"]
[EventDate "2025.02.23"]
[EventType "swiss"]
[EventCountry "MNE"]
[SourceTitle "playchess.com"]
[Source "ChessBase"]
[SourceQuality "1"]
[TimeControl "40/5400+30:1800+30"]

1. e4 c6 2. Nf3 d5 3. d3 g6 4. e5 Bg7 5. Bf4 c5 6. d4 Bg4 7. Nc3 cxd4 8. Qxd4 Bxf3 9. gxf3 Nc6 10. Qxd5 Qxd5 11. Nxd5 O-O-O 12. O-O-O e6 13. Bh3 Bxe5 14. Bg3 h5 15. Ne3 h4 16. Bxe5 Nxe5 17. f4 Nc6 18. Nc4 Nh6 19. Ne5 Nxe5 20. fxe5 g5 21. Rhg1 Rhg8 22. Rxd8+ Kxd8 23. f3 Ke7 24. Rd1 Rc8 25. Rg1 Rg8 26. Rd1 Rg6 27. Rd4 f5 28. exf6+ Rxf6 29. Re4 Nf7 30. Bg4 e5 31. Kd2 Rd6+ 32. Ke2 Rc6 33. Kd2 Kf6 34. Ra4 a6 35. Rb4 Nd6 36. Bd7 Rc5 37. Bg4 b5 38. a4 a5 39. Rb3 bxa4 40. Rb6 Ke7 41. Ra6 Nc4+ 42. Kc1 Ne3 43. Ra7+ Kd6 44. c3 a3 45. Ra6+ Kc7 46. bxa3 Nxg4 47. fxg4 Rxc3+ 48. Kb2 Rh3 49. Rg6 Rxh2+ 50. Kc3 Rg2 51. Rxg5 Kd6 52. Kc4 Rd2 53. Rg6+ Ke7 54. g5 h3 55. Rh6 h2 56. Kc3 Ra2 57. Kb3 Re2 58. Kc4 e4 59. a4 Rd2 60. Kc3 e3 61. Rh3 Kf7 62. Rh6 Kg7 63. Rh3 Rf2 64. Kd3 e2 65. Kd2 Rf1 66. Kxe2 h1=Q 0-1

[Event "FIDE World Junior U20-ch Girls 2025"]
[Site "Petrovac"]
[Date "2025.02.26"]
[Round "2.15"]
[White "Hrebenshchykova, Yelyzaveta"]
[Black "Peglau, Dora"]
[Result "1-0"]
[Annotator "ChessBase"]
[ECO "D22"]
[WhiteElo "2259"]
[BlackElo "2134"]
[PlyCount "114"]
[EventDate "2025.02.23"]
[EventType "swiss"]
[EventCountry "MNE"]
[SourceTitle "playchess.com"]
[Source "ChessBase"]
[SourceQuality "1"]
[TimeControl "40/5400+30:1800+30"]

1. d4 d5 2. c4 dxc4 3. Nf3 a6 4. e3 Nf6 5. Bxc4 e6 6. O-O Nbd7 7. b3 b5 8. Be2 Bb7 9. Bb2 c5 10. a4 Qb6 11. Nc3 b4 12. a5 Qc7 13. Na4 Be7 14. dxc5 Nxc5 15. Nxc5 Bxc5 16. Be5 Qe7 17. Qc2 Rc8 18. Qb2 O-O 19. Nd2 Nd7 20. Bg3 e5 21. Bf3 Bxf3 22. Nxf3 f6 23. Nd2 Rfd8 24. Nc4 Ba7 25. Rfd1 Nc5 26. Qc2 Qe6 27. Rxd8+ Rxd8 28. Rd1 Rd5 29. f3 e4 30. Rxd5 Qxd5 31. fxe4 Nxe4 32. Bc7 Nc3 33. Bb6 Bb8 34. Qd2 Kf7 35. Qxd5+ Nxd5 36. Bc5 Ke6 37. h3 f5 38. Kf2 g5 39. g4 f4 40. Kf3 fxe3 41. Bxe3 Nxe3 42. Kxe3 Be5 43. Kd3 Bg3 44. Nb6 Ke5 45. Nd7+ Kf4 46. Nc5 Bf2 47. Nxa6 Kg3 48. Nxb4 Kxh3 49. Ke2 Kg3 50. Nc6 Bg1 51. b4 Kxg4 52. b5 h5 53. b6 h4 54. b7 Bh2 55. a6 Bb8 56. Nxb8 h3 57. Kf2 Kf4 1-0

[Event "FIDE World Junior U20-ch Girls 2025"]
[Site "Petrovac"]
[Date "2025.02.26"]
[Round "2.16"]
[White "Sulyok, Eszter"]
[Black "Kurmangaliyeva, Liya"]
[Result "1/2-1/2"]
[Annotator "ChessBase"]
[ECO "A20"]
[WhiteElo "2109"]
[BlackElo "2251"]
[PlyCount "107"]
[EventDate "2025.02.23"]
[EventType "swiss"]
[EventCountry "MNE"]
[SourceTitle "playchess.com"]
[Source "ChessBase"]
[SourceQuality "1"]
[TimeControl "40/5400+30:1800+30"]

1. c4 e5 2. g3 Nf6 3. Bg2 c6 4. Nf3 e4 5. Nd4 Qb6 6. e3 d5 7. cxd5 cxd5 8. O-O Nc6 9. d3 Bg4 10. Qa4 Bd7 11. dxe4 dxe4 12. Nc3 Bc5 13. Nxc6 Qxc6 14. Qc2 Bb4 15. Bd2 O-O 16. Rac1 Bxc3 17. Bxc3 Bf5 18. Qb1 Rfe8 19. b4 Qe6 20. Qb2 Ng4 21. Rfd1 Ne5 22. Bxe5 Qxe5 23. Qxe5 Rxe5 24. Rc7 Rb5 25. Rd4 a5 26. Bxe4 Bxe4 27. Rxe4 Rxb4 28. Ree7 Rf8 29. Rxb7 Ra4 30. Rb2 g6 31. e4 h5 32. h4 Rd8 33. e5 Re4 34. Rbb7 Rf8 35. Ra7 Ra4 36. e6 Rxa2 37. Kg2 a4 38. Red7 Re2 39. exf7+ Kg7 40. Rxa4 Rxf7 41. Rxf7+ Kxf7 42. Kf3 Rb2 43. Ke3 Kf6 44. f3 Rb5 45. g4 hxg4 46. fxg4 Rb1 47. Ra6+ Kg7 48. Ra4 Kf6 49. g5+ Kf5 50. Rf4+ Ke5 51. Rf6 Rh1 52. Rxg6 Rxh4 53. Ra6 Kf5 54. Ra5+ 1/2-1/2

[Event "FIDE World Junior U20-ch Girls 2025"]
[Site "Petrovac"]
[Date "2025.02.26"]
[Round "2.17"]
[White "Mikheeva, Galina"]
[Black "Mihelic, Vesna"]
[Result "1/2-1/2"]
[Annotator "ChessBase"]
[ECO "C54"]
[WhiteElo "2238"]
[BlackElo "2115"]
[PlyCount "67"]
[EventDate "2025.02.23"]
[EventType "swiss"]
[EventCountry "MNE"]
[SourceTitle "playchess.com"]
[Source "ChessBase"]
[SourceQuality "1"]
[TimeControl "40/5400+30:1800+30"]

1. e4 e5 2. Nf3 Nc6 3. Bc4 Bc5 4. c3 Nf6 5. d3 a6 6. O-O Ba7 7. Bg5 d6 8. a4 O-O 9. Nbd2 Be6 10. Re1 Qe7 11. b4 h6 12. Bh4 Bxc4 13. Nxc4 Qe6 14. Bxf6 Qxf6 15. Ne3 Ne7 16. d4 Qe6 17. Qd3 Ng6 18. g3 Rfe8 19. d5 Qh3 20. Nf5 Qg4 21. Kf1 Qh3+ 22. Kg1 Qg4 23. Kf1 Qh3+ 24. Ke2 Ne7 25. Nxe7+ Rxe7 26. Nh4 g6 27. Qf3 Kg7 28. Qg2 Qg4+ 29. Kf1 Rf8 30. h3 Qd7 31. g4 Ree8 32. Qg3 c6 33. Red1 Rc8 34. Kg2 1/2-1/2